IL
NASHVILLE SOUNDS @ COLUMBUS CLIPPERS
07/30/2048
 
TOP OF THE 1ST
Nashville Sounds batting - Pitching for Columbus Clippers : RHP Kensaku Shiba
Pitching: RHP Kensaku Shiba
Batting: RHB Jeff Garofalo 0-0: Called Strike
0-1: Ball
1-1: Fly out, F8 (Flyball, 8RD, EV 93.1 MPH)
Batting: SHB Robert Santiago 0-0: Ball
1-0: Ball
2-0: Foul Ball, location: 2F
2-1: Fly out, F9 (Flyball, 89M, EV 76.9 MPH)
Batting: RHB Tim Cordle 0-0: Called Strike
0-1: Ball
1-1: Called Strike
1-2: Foul Ball, location: 2F
1-2: Ball
2-2: Foul Ball, location: 2F
2-2: Strikes out looking
Top of the 1st over - 0 runs, 0 hits, 0 errors, 0 left on base; Nashville 0 - Columbus 0
BOTTOM OF THE 1ST
Columbus Clippers batting - Pitching for Nashville Sounds : LHP Kalaida Steedman
Pitching: LHP Kalaida Steedman
Batting: RHB Chang-wei Jiang 0-0: Ball
1-0: Called Strike
1-1: Swinging Strike
1-2: Strikes out swinging
Batting: LHB Jesus Lozano 0-0: Ball
1-0: Called Strike
1-1: Foul Ball, location: 2F
1-2: Ball
2-2: Ball
3-2: SINGLE (Groundball, 4D, EV 103.1 MPH)
Batting: RHB Eddie LaRose 0-0: Ball
1-0: Ball
2-0: Ball
3-0: Base on Balls
Jesus Lozano to second
Batting: LHB Jim Keefe 0-0: Ball
1-0: SINGLE (Groundball, 6MD, EV 100.6 MPH)
Jesus Lozano to third
Eddie LaRose to second
Runner from 3rd tries for Home, SAFE, throw by CF to home
Batting: RHB Stephen Charbonneau 0-0: 3-RUN HOME RUN (Flyball, 7D, EV 98.8 MPH), Distance : 381 ft
Batting: LHB Jack Bell 0-0: Foul Ball, location: 2F
0-1: Fly out, F5 (Popup, 5S, EV 71.9 MPH)
Batting: LHB Gabe White 0-0: Ball
1-0: Foul Ball, location: 2F
1-1: Foul Ball, location: 2F
1-2: Ball
2-2: Ball
3-2: Base on Balls
Batting: LHB Corey Trevor 0-0: Ball
1-0: Called Strike
1-1: Ball
2-1: Called Strike
2-2: Ball
3-2: Strikes out swinging
Bottom of the 1st over - 4 runs, 3 hits, 0 errors, 1 left on base; Nashville 0 - Columbus 4
TOP OF THE 2ND
Nashville Sounds batting - Pitching for Columbus Clippers : RHP Kensaku Shiba
Batting: RHB Ryan Kinkead 0-0: Called Strike
0-1: Foul Ball, location: 2F
0-2: Ball
1-2: Strikes out looking
Batting: LHB Tomas Segarra 0-0: Fly out, F6 (Popup, 6MS, EV 85.6 MPH)
Batting: LHB Zachary DeLuca 0-0: Ball
1-0: Called Strike
1-1: Foul Ball, location: 2F
1-2: Ball
2-2: Strikes out swinging
Top of the 2nd over - 0 runs, 0 hits, 0 errors, 0 left on base; Nashville 0 - Columbus 4
BOTTOM OF THE 2ND
Columbus Clippers batting - Pitching for Nashville Sounds : LHP Kalaida Steedman
Batting: LHB Robert Watson 0-0: Called Strike
0-1: Foul Ball, location: 2F
0-2: Strikes out swinging
Batting: RHB Chang-wei Jiang 0-0: Called Strike
0-1: Swinging Strike
0-2: Ball
1-2: Strikes out swinging
Batting: LHB Jesus Lozano 0-0: Called Strike
0-1: Swinging Strike
0-2: Foul Ball, location: 2F
0-2: Ball
1-2: Ball
2-2: Foul Ball, location: 2F
2-2: Ground out U3 (Groundball, 3, EV 103.8 MPH)
Bottom of the 2nd over - 0 runs, 0 hits, 0 errors, 0 left on base; Nashville 0 - Columbus 4
TOP OF THE 3RD
Nashville Sounds batting - Pitching for Columbus Clippers : RHP Kensaku Shiba
Batting: LHB Gregg Power 0-0: Called Strike
0-1: Ground out 5-3 (Groundball, 56S, EV 93.1 MPH)
Batting: RHB Robby Godwin 0-0: Ball
1-0: Ball
2-0: Ball
3-0: Base on Balls
Batting: RHB Yonetoshi Muranaka 0-0: Ball
Wild Pitch!
Robby Godwin to second
1-0: Ball
2-0: Called Strike
2-1: Swinging Strike
2-2: Reached on error, E5 (Groundball, 56S, EV 83.1 MPH)
Robby Godwin scores
Batting: RHB Jeff Garofalo 0-0: Called Strike
0-1: Foul Ball, location: 2F
0-2: Strikes out looking
Batting: SHB Robert Santiago 0-0: Foul Ball, location: 2F
0-1: Ball
1-1: Swinging Strike
1-2: Foul Ball, location: 2F
1-2: Foul Ball, location: 2F
1-2: Strikes out looking
Top of the 3rd over - 1 run, 0 hits, 1 error, 1 left on base; Nashville 1 - Columbus 4
BOTTOM OF THE 3RD
Columbus Clippers batting - Pitching for Nashville Sounds : LHP Kalaida Steedman
Batting: RHB Eddie LaRose 0-0: Foul Ball, location: 2F
0-1: Called Strike
0-2: Strikes out swinging
Batting: LHB Jim Keefe 0-0: Ball
1-0: Foul Ball, location: 2F
1-1: Ball
2-1: Ground out 4-3 (Groundball, 4, EV 86.9 MPH)
Batting: RHB Stephen Charbonneau 0-0: Ball
1-0: Fly out, F8 (Flyball, 8RD, EV 99.4 MPH)
Bottom of the 3rd over - 0 runs, 0 hits, 0 errors, 0 left on base; Nashville 1 - Columbus 4
TOP OF THE 4TH
Nashville Sounds batting - Pitching for Columbus Clippers : RHP Kensaku Shiba
Batting: RHB Tim Cordle 0-0: Ground out 6-3 (Groundball, 56, EV 88.8 MPH)
Batting: RHB Ryan Kinkead 0-0: Swinging Strike
0-1: Foul Ball, location: 2F
0-2: Strikes out swinging
Batting: LHB Tomas Segarra 0-0: TRIPLE (Line Drive, 89XD, EV 101.9 MPH)
Batting: LHB Zachary DeLuca 0-0: SINGLE (Line Drive, 9LS, EV 101.2 MPH)
Tomas Segarra scores
Batting: LHB Gregg Power 0-0: Called Strike
0-1: Reached on error, E3 (Groundball, 3, EV 77.5 MPH)
Zachary DeLuca to second
Batting: RHB Robby Godwin 0-0: Ball
1-0: Fielders Choice at 2nd, 5-4 (Groundball, 56, EV 85.0 MPH)
Top of the 4th over - 1 run, 2 hits, 1 error, 2 left on base; Nashville 2 - Columbus 4
BOTTOM OF THE 4TH
Columbus Clippers batting - Pitching for Nashville Sounds : LHP Kalaida Steedman
Batting: LHB Jack Bell 0-0: Ball
1-0: Ground out 6-3 (Groundball, 6, EV 97.5 MPH)
Batting: LHB Gabe White 0-0: Called Strike
0-1: Ball
1-1: Swinging Strike
1-2: Foul Ball, location: 2F
1-2: Strikes out swinging
Batting: LHB Corey Trevor 0-0: Ball
1-0: Ground out U3 (Groundball, 3, EV 80.6 MPH)
Bottom of the 4th over - 0 runs, 0 hits, 0 errors, 0 left on base; Nashville 2 - Columbus 4
TOP OF THE 5TH
Nashville Sounds batting - Pitching for Columbus Clippers : RHP Kensaku Shiba
Batting: RHB Yonetoshi Muranaka 0-0: Ball
1-0: Called Strike
1-1: Ball
2-1: Foul Ball, location: 2F
2-2: Ball
3-2: SINGLE (Groundball, 4MD, EV 107.5 MPH)
Batting: RHB Jeff Garofalo 0-0: Ball
1-0: Grounds into double play, 5-4-3 (Groundball, 5, EV 87.5 MPH)
Batting: SHB Robert Santiago 0-0: Ball
1-0: Ball
2-0: Ball
3-0: Called Strike
3-1: Foul Ball, location: 2F
3-2: Base on Balls
Batting: RHB Tim Cordle 0-0: Foul Ball, location: 2F
0-1: Foul Ball, location: 2F
0-2: Foul Ball, location: 2F
0-2: Foul Ball, location: 2F
0-2: Foul Ball, location: 2F
0-2: Strikes out swinging
Top of the 5th over - 0 runs, 1 hit, 0 errors, 1 left on base; Nashville 2 - Columbus 4
BOTTOM OF THE 5TH
Columbus Clippers batting - Pitching for Nashville Sounds : LHP Kalaida Steedman
Batting: LHB Robert Watson 0-0: Called Strike
0-1: Ball
1-1: Foul Ball, location: 2F
1-2: Ball
2-2: Ball
3-2: Foul Ball, location: 2F
3-2: Foul Ball, location: 2F
3-2: Fly out, F7 (Line Drive, 7LS, EV 93.1 MPH)
Batting: RHB Chang-wei Jiang 0-0: Ground out 5-3 (Groundball, 56, EV 91.2 MPH)
Batting: LHB Jesus Lozano 0-0: Swinging Strike
0-1: Foul Ball, location: 2F
0-2: Strikes out looking
Bottom of the 5th over - 0 runs, 0 hits, 0 errors, 0 left on base; Nashville 2 - Columbus 4
TOP OF THE 6TH
Nashville Sounds batting - Pitching for Columbus Clippers : RHP Kensaku Shiba
Batting: RHB Ryan Kinkead 0-0: Ball
1-0: Called Strike
1-1: Swinging Strike
1-2: Foul Ball, location: 2F
1-2: Strikes out swinging
Batting: LHB Tomas Segarra 0-0: Called Strike
0-1: Ball
1-1: Ball
2-1: Foul Ball, location: 2F
2-2: Ball
3-2: SINGLE (Line Drive, 34, EV 99.4 MPH)
Batting: LHB Zachary DeLuca 0-0: Ball
1-0: Ball
2-0: Ball
3-0: Called Strike
3-1: Base on Balls
Tomas Segarra to second
Batting: LHB Gregg Power 0-0: Foul Ball, location: 2F
0-1: Fly out, F7 (Flyball, 7D, EV 90.6 MPH)
Runner from 2nd tags up, SAFE at 3rd, no throw by LF
Batting: RHB Robby Godwin 0-0: Ball
1-0: Foul Ball, location: 2F
1-1: Foul Ball, location: 2F
1-2: Foul Ball, location: 2F
1-2: Fly out, F7 (Flyball, 7D, EV 103.1 MPH)
Top of the 6th over - 0 runs, 1 hit, 0 errors, 2 left on base; Nashville 2 - Columbus 4
BOTTOM OF THE 6TH
Columbus Clippers batting - Pitching for Nashville Sounds : LHP Kalaida Steedman
Batting: RHB Eddie LaRose 0-0: Swinging Strike
0-1: Foul Ball, location: 2F
0-2: Strikes out swinging
Batting: LHB Jim Keefe 0-0: Ball
1-0: Foul Ball, location: 2F
1-1: Ground out 3-1 (Groundball, 34, EV 106.9 MPH)
Batting: RHB Stephen Charbonneau 0-0: Called Strike
0-1: Ball
1-1: Ball
2-1: Ground out 3-1 (Groundball, 34S, EV 82.5 MPH)
Bottom of the 6th over - 0 runs, 0 hits, 0 errors, 0 left on base; Nashville 2 - Columbus 4
TOP OF THE 7TH
Nashville Sounds batting - Pitching for Columbus Clippers : RHP Kensaku Shiba
Now at 2B: Justin Barker
Batting: RHB Yonetoshi Muranaka 0-0: Ground out 6-3 (Groundball, 6D, EV 106.9 MPH)
Batting: RHB Jeff Garofalo 0-0: Swinging Strike
0-1: Foul Ball, location: 2F
0-2: Ball
1-2: Ball
2-2: Ball
3-2: Foul Ball, location: 2F
3-2: Base on Balls
Pitching: LHP Mitch Lewis
Now at 2B: Scott Scott
Now at 3B: Justin Barker
Batting: SHB Robert Santiago 0-0: Ball
1-0: Ball
2-0: Grounds into double play, 5-4-3 (Groundball, 56, EV 89.4 MPH)
Top of the 7th over - 0 runs, 0 hits, 0 errors, 0 left on base; Nashville 2 - Columbus 4
BOTTOM OF THE 7TH
Columbus Clippers batting - Pitching for Nashville Sounds : LHP Kalaida Steedman
Batting: LHB Jack Bell 0-0: Ball
1-0: Foul Ball, location: 2F
1-1: Ball
2-1: Fly out, F8 (Flyball, 8LD, EV 88.8 MPH)
Batting: LHB Gabe White 0-0: Called Strike
0-1: TRIPLE (Flyball, 89XD, EV 106.9 MPH)
Batting: LHB Corey Trevor 0-0: Ball
1-0: Swinging Strike
1-1: Ball
2-1: Ball
3-1: Base on Balls
Pitching: RHP Jesus Gonzales
Batting: LHB Robert Watson 0-0: Ball
1-0: Called Strike
1-1: Ball
2-1: Ball
3-1: Foul Ball, location: 2F
3-2: Base on Balls
Corey Trevor to second
Batting: SHB Scott Scott 0-0: Ball
1-0: Ball
2-0: Ball
3-0: Called Strike
3-1: Called Strike
3-2: Base on Balls
Gabe White scores
Corey Trevor to third
Robert Watson to second
Batting: LHB Justin Barker 0-0: Foul Ball, location: 2F
0-1: Ball
1-1: DOUBLE (Groundball, 3L, EV 100.6 MPH)
Corey Trevor scores
Robert Watson scores
Scott Scott to third
Batting: RHB Eddie LaRose 0-0: Called Strike
0-1: Fly out, F4 (Popup, 4, EV 59.4 MPH)
Batting: LHB Jim Keefe 0-0: Foul Ball, location: 2F
0-1: Ball
1-1: Ball
2-1: Ball
3-1: Called Strike
3-2: Base on Balls
Batting: RHB Stephen Charbonneau 0-0: Swinging Strike
0-1: Ball
1-1: Ball
2-1: Swinging Strike
2-2: Foul Ball, location: 2F
2-2: Ball
3-2: Base on Balls
Scott Scott scores
Justin Barker to third
Jim Keefe to second
Batting: LHB Jack Bell 0-0: Foul Ball, location: 2F
0-1: Ball
1-1: GRAND SLAM HOME RUN (Flyball, 89XD, EV 100.0 MPH), Distance : 402 ft
Pitching: RHP Ben Voorhees
Batting: LHB Gabe White 0-0: Ball
1-0: Ball
2-0: Ball
3-0: Base on Balls
Batting: LHB Corey Trevor 0-0: Ball
1-0: Ball
2-0: Ball
3-0: Base on Balls
Gabe White to second
Batting: LHB Robert Watson 0-0: Ball
1-0: Called Strike
1-1: Ball
2-1: Called Strike
2-2: Ball
3-2: Fly out, F6 (Popup, 6, EV 76.2 MPH)
Bottom of the 7th over - 8 runs, 3 hits, 0 errors, 2 left on base; Nashville 2 - Columbus 12
TOP OF THE 8TH
Nashville Sounds batting - Pitching for Columbus Clippers : LHP Mitch Lewis
Batting: RHB Tim Cordle 0-0: Called Strike
0-1: Ball
1-1: Ball
2-1: Called Strike
2-2: Foul Ball, location: 2F
2-2: Foul Ball, location: 2F
2-2: Foul Ball, location: 2F
2-2: Foul Ball, location: 2F
2-2: Ball
3-2: Fly out, F7 (Flyball, 7, EV 83.8 MPH)
Batting: RHB Ryan Kinkead 0-0: Foul Ball, location: 2F
0-1: Called Strike
0-2: Ball
1-2: Ball
2-2: Strikes out swinging
Pinch Hitting: RHB Bill Cabrera 0-0: Ball
1-0: Called Strike
1-1: Foul Ball, location: 2F
1-2: Foul Ball, location: 2F
1-2: Ball
2-2: Strikes out swinging
Top of the 8th over - 0 runs, 0 hits, 0 errors, 0 left on base; Nashville 2 - Columbus 12
BOTTOM OF THE 8TH
Columbus Clippers batting - Pitching for Nashville Sounds : RHP Ben Voorhees
Now in LF: Bill Cabrera
Now in CF: Robby Godwin
Batting: SHB Scott Scott 0-0: Ball
1-0: Called Strike
1-1: Ball
2-1: Foul Ball, location: 2F
2-2: Foul Ball, location: 2F
2-2: Foul Ball, location: 2F
2-2: Ball
3-2: Fly out, F5 (Line Drive, 56, EV 63.1 MPH)
Batting: LHB Justin Barker 0-0: Foul Ball, location: 2F
0-1: Ball
1-1: Ball
2-1: Ball
3-1: Ground out 6-3 (Groundball, 6MD, EV 103.1 MPH)
Batting: RHB Eddie LaRose 0-0: Ground out 4-3 (Groundball, 4, EV 91.9 MPH)
Bottom of the 8th over - 0 runs, 0 hits, 0 errors, 0 left on base; Nashville 2 - Columbus 12
TOP OF THE 9TH
Nashville Sounds batting - Pitching for Columbus Clippers : LHP Mitch Lewis
Batting: LHB Zachary DeLuca 0-0: Ball
1-0: Foul Ball, location: 2F
1-1: Foul Ball, location: 2F
1-2: Ball
2-2: Ball
3-2: Foul Ball, location: 2F
3-2: Ground out 6-3 (Groundball, 6, EV 92.5 MPH)
Batting: LHB Gregg Power 0-0: Called Strike
0-1: Called Strike
0-2: Ball
1-2: Strikes out looking
Batting: RHB Robby Godwin 0-0: Called Strike
0-1: Ball
1-1: Swinging Strike
1-2: Ball
2-2: Strikes out swinging
Top of the 9th over - 0 runs, 0 hits, 0 errors, 0 left on base; Nashville 2 - Columbus 12
Tuesday, March 28th , 2023 - OOTP Baseball 23.10 Build 110